AoeStats
← Hector

Oasis

507319049Analyzed
4v4 RM · 14d ago on Sep 17, 2026· 63m 15s· 8 players
Game mode
Random Map
Map size
Large (8 player)
Population
200
Speed
Normal
Resources
Standard
Victory
Conquest
Starting age
Dark Age
Ending age
Imperial Age
RankedLock teamsTeams togetherTeam positionsShared explorationLock speedFull tech treeHidden civsTurbo modeCheats
Victory
Defeat
🇧🇷 Burgundians · Brazil
1432
+14
🇲🇽 Khmer · Mexico
1402
+16
🇲🇽 Persians · Mexico
1387
+16
🇦🇷 Huns · Argentina
1352
+19
🇦🇹 Ethiopians · Austria
1408
-17
🇹🇷 Franks · Türkiye
1406
-17
🇿🇦 Hindustanis · South Africa
1383
-16
🇦🇹 Saracens · Austria
1377
-15
IRON MIKE
6:56 Loom
9:51 Feudal Age
9:54 Man-at-Arms
17:51 Double-Bit Axe
21:12 Wheelbarrow
24:56 Castle Age
43:17 Hand Cart
Lucky7
9:41 Feudal Age
10:14 Double-Bit Axe
16:53 Castle Age
16:53 Gold Mining
17:33 Scale Barding Armor
18:22 Wheelbarrow
21:46 Husbandry
24:40 Loom
26:58 Hand Cart
27:35 Pikeman
28:27 Scale Mail Armor
29:02 Squires
30:15 Stone Mining
36:03 Imperial Age
34:27 Chain Barding Armor
34:19 Forging
37:00 Iron Casting
36:22 Cavalier
38:24 Plate Barding Armor
38:50 Blast Furnace
39:28 Paladin
40:44 Bow Saw
43:40 Chivalry
Hector
8:48 Feudal Age
7:19 Loom
10:49 Double-Bit Axe
16:40 Fletching
23:55 Castle Age
21:57 Padded Archer Armor
23:25 Horse Collar
23:57 Crossbowman
24:33 Bodkin Arrow
32:20 Thumb Ring
35:58 Ballistics
36:07 Bow Saw
35:58 Heavy Plow
35:50 Gold Mining
41:32 Imperial Age
40:10 Leather Archer Armor
40:34 Wheelbarrow
42:19 Bracer
41:45 Arbalester
43:51 Chemistry
44:21 Ring Archer Armor
44:25 Capped Ram
46:03 Hand Cart
45:33 Town Watch
45:50 Scale Mail Armor
46:00 Forging
Karoliusw06
6:06 Loom
8:48 Feudal Age
10:10 Double-Bit Axe
10:38 Horse Collar
20:05 Castle Age
19:30 Scale Barding Armor
19:36 Forging
19:37 Bloodlines
20:54 Husbandry
21:15 Chain Barding Armor
30:59 Wheelbarrow
33:35 Gold Mining
33:36 Stone Mining
38:08 Imperial Age
36:29 Gold Shaft Mining
36:29 Stone Shaft Mining
36:40 Fletching
38:31 Iron Casting
38:12 Heavy Camel Rider
41:10 Plate Barding Armor
42:23 Chemistry
.
5:54 Loom
8:57 Feudal Age
11:09 Horse Collar
11:17 Double-Bit Axe
15:19 Forging
16:02 Scale Barding Armor
20:34 Bloodlines
24:21 Castle Age
24:51 Gold Mining
25:05 Husbandry
25:30 Chain Barding Armor
25:46 Iron Casting
25:53 Wheelbarrow
25:39 Bow Saw
25:32 Heavy Plow
25:45 Town Watch
37:48 Hand Cart
41:34 Imperial Age
39:50 Gold Shaft Mining
41:35 Elite Battle Elephant
42:54 Plate Barding Armor
43:20 Blast Furnace
43:45 Conscription
44:03 Tusk Swords
50:25 Fortified Wall
50:11 Murder Holes
50:22 Siege Engineers
50:28 Masonry
52:15 Fletching
57:51 Spies/Treason
CrashTag
6:58 Loom
9:17 Feudal Age
10:41 Double-Bit Axe
16:03 Fletching
19:14 Padded Archer Armor
20:16 Wheelbarrow
24:06 Castle Age
24:09 Gold Mining
24:24 Crossbowman
52:50 Hand Cart
53:33 Bloodlines
53:23 Husbandry
56:32 Imperial Age
56:25 Scale Barding Armor
56:30 Forging
56:37 Bow Saw
56:23 Heavy Camel Rider
57:55 Guilds
57:46 Caravan
60:11 Chain Barding Armor
61:44 Plate Barding Armor
61:44 Iron Casting
61:06 Spies/Treason
62:05 Bodkin Arrow
Newlife
7:31 Loom
9:43 Feudal Age
8:18 Double-Bit Axe
11:24 Wheelbarrow
11:28 Horse Collar
19:44 Castle Age
18:23 Bow Saw
18:54 Heavy Plow
18:51 Gold Mining
19:31 Forging
20:06 Scale Mail Armor
19:52 Pikeman
20:41 Squires
21:07 Town Watch
23:48 Chain Mail Armor
35:12 Imperial Age
32:19 Cavalier
32:59 Husbandry
33:51 Gold Shaft Mining
33:07 Stone Mining
33:55 Hand Cart
34:55 Iron Casting
35:19 Scale Barding Armor
35:28 Burgundian Vineyards
35:29 Halberdier
36:54 Conscription
36:38 Paladin
39:04 Blast Furnace
38:25 Chain Barding Armor
39:58 Hoardings
39:18 Arson
40:34 Plate Mail Armor
41:46 Two-Man Saw
43:52 Plate Barding Armor
43:08 Fletching
43:52 Masonry
45:05 Caravan
45:36 Coinage
47:18 Crop Rotation
47:21 Architecture
46:31 Treadmill Crane
46:39 Arrowslits
47:14 Ballistics
47:55 Chemistry
50:31 Guilds
55:01 Stone Shaft Mining
61:07 Spies/Treason
the_fever
9:00 Feudal Age
7:16 Loom
9:51 Double-Bit Axe
10:13 Horse Collar
16:27 Scale Barding Armor
17:15 Forging
18:06 Bloodlines
19:18 Wheelbarrow
22:50 Castle Age
20:54 Gold Mining
23:58 Chain Barding Armor
23:42 Heavy Plow
23:54 Bow Saw
24:05 Husbandry
24:15 Town Watch
27:07 Iron Casting
26:31 Light Cavalry
29:34 Gold Shaft Mining
29:19 Hand Cart
39:54 Imperial Age
37:57 Stone Mining
40:14 Cavalier
41:30 Plate Barding Armor
41:58 Blast Furnace
41:38 Conscription
41:38 Paladin
43:30 Chemistry
43:51 Two-Man Saw
43:13 Caravan
43:44 Coinage
43:44 Fletching
43:38 Light Cavalry
45:21 Hussar
48:19 Bodkin Arrow
Connection lost

Rejoining the realm…

Still unreachable

The connection could not be restored.

Session expired

The server has moved on; the page needs a fresh start.